 Dungeon Crawl Stone Soup version 0.32-a0-921-g04a7ad8 (webtiles) character file.

Game seed: 17319438023983507216

83 mcursa the Poker (level 4, -5/36 HPs)
             Began as a Demonspawn Monk on Apr 11, 2024.
             Slain by an orc
             ... wielding a +2 trident of protection
              (7 damage)
             ... on level 3 of the Dungeon.
             The game lasted 00:04:58 (2117 turns).

mcursa the Poker (Demonspawn Monk)                  Turns: 2117, Time: 00:04:59

Health: -5/36      AC:  3    Str: 12    XL:     4   Next: 22%
Magic:  4/4        EV: 12    Int: 10    God:
Gold:   152        SH:  0    Dex: 17    Spells: 3/3 levels left

rFire   + . .        a - +0 spear
rCold   . . .        d - orb {light}
rNeg    . . .        b - +0 robe
rPois   .            (helmet restricted)
rElec   .            (no cloak)
rCorr   .            (no gloves)
SInv    .            q - +0 pair of boots
Will    .....        (no amulet)
Stlth   +            e - ring of fire
HPRegen 0.26/turn    p - ring of protection from cold
MPRegen 0.09/turn

%: no passive effects
@: mighty, glowing
A: antennae 2
a: Convert to Beogh


You were on level 3 of the Dungeon.
You visited 1 branch of the dungeon, and saw 3 of its levels.

You collected 152 gold pieces.

Inventory:

Hand Weapons
 a - a +0 spear (weapon)
Armour
 b - a +0 robe (worn)
 d - an orb of light (worn)
 q - a +0 pair of boots (worn)
Jewellery
 e - a ring of fire (left hand)
 p - a ring of protection from cold (right hand)
Scrolls
 f - a scroll of enchant armour {unknown}
 g - a scroll of teleportation {unknown}
 i - a scroll of poison {unknown}
 l - a scroll of amnesia {unknown}
 m - a scroll of fear {unknown}
 n - a scroll of identify {unknown}
 o - a scroll of blinking {unknown}
Potions
 c - a potion of ambrosia
 h - 2 potions of enlightenment {unknown}
 j - a potion of degeneration {unknown}
 k - 2 potions of might


   Skills:
 + Level 3.6 Fighting
 + Level 3.7 Polearms
 + Level 3.3 Dodging
 + Level 0.1 Stealth


You had 3 spell levels left.
You didn't know any spells.
Your spell library was empty.

Dungeon Overview and Level Annotations

Branches:
Dungeon (3/15)

Altars:
Cheibriados


Innate Abilities, Weirdness & Mutations

You have a pair of antennae on your head.


Message History

The quokka is almost dead.
The quokka misses you.
You hit the quokka.
You kill the quokka!
You hit the orc but do no damage. The orc closely misses you.
You barely miss the orc.
A quokka comes into view.
The orc barely misses you.
The quokka moves out of view.
You barely miss the orc. The orc hits you with a +0 dagger.
You are too injured to fight recklessly!
You are too injured to fight recklessly!
You are too injured to fight recklessly!
You are too injured to fight recklessly!
You are too injured to fight recklessly!
You are too injured to fight recklessly!
You hit the orc.
The orc is moderately wounded.
The orc closely misses you.
You hit the orc but do no damage.
The orc is moderately wounded.
The orc closely misses you.
You hit the orc.
You kill the orc!
You hit the orc but do no damage. The orc closely misses you.
The orc priest threatens, "Beogh's wrath is as vast as their mercy.
Make your choice!"
You hit the orc but do no damage. The orc barely misses you. x2
You hit the orc.
The orc is almost dead.
The orc hits you from afar with a +2 trident of protection.
The orc priest calls down the wrath of Beogh upon you.
Beogh smites you!
* * * LOW HITPOINT WARNING * * *
The orc priest shouts, "Beogh offers mercy even to people such as you.
Join us and be reborn!"
You hit the orc.
You kill the orc!
The orc barely misses you.
It was a potion of might.
You feel very mighty all of a sudden.
The orc hits you from afar with a +2 trident of protection!
You die...

#.#.#.#.#.#.#.#. ##
#.#.#.#.#.#.#.#.# ##.#
#.#.#.#.#.#.#.#.#. ..#.#
.#.#.#.#.#.#.#.#.# #.#.#
.#.#.#.#.#.#.#.#. #.#.#
.#.#.#.#.#.#.### .. #.#.#
#.#.#.#.#.#.## #
...#####+#.#.#.#.#.#.#.#.#.#
#
..........#.#@#.#.#.#.#.#.##
#
....(....{+#)#.#.#.#.#.#.##
.........#o#.#.#.#.#.#.##
###.......o#.#.#+#+#.#.#.#
..........#.#.#†......####
.........######......##
.........# #....###
.........# #..### .........#
####


You could see an orc priest and an orc.

Vanquished Creatures
  A gnoll (D:1)
  An adder (D:2)
  A dart slug (D:1)
  3 ribbon worms (D:2)
  2 orcs (D:3)
  5 endoplasms
  A giant cockroach (D:2)
  5 goblins
  3 hobgoblins
  A kobold (D:1)
  5 quokkas
  4 ball pythons
  8 bats
  2 frilled lizards (D:1)
  10 rats
52 creatures vanquished.

Notes
Turn   | Place    | Note
-------+----------+-------------------------------------------
     0 | D:1      | mcursa the Demonspawn Monk began the quest for the Orb.
     0 | D:1      | Reached XP level 1. HP: 18/18 MP: 1/1
   172 | D:1      | Discovered your monstrous ancestry.
   172 | D:1      | Gained mutation: You have a pair of small antennae on your
                  | head. [demonic ancestry]
   172 | D:1      | Reached XP level 2. HP: 15/24 MP: 2/2
   516 | D:1      | Gained mutation: You have a pair of antennae on your head.
                  | [demonic ancestry]
   516 | D:1      | Reached XP level 3. HP: 29/29 MP: 3/3
   858 | D:2      | Found a snail-covered altar of Cheibriados.
  1309 | D:2      | Identified the +1 pair of boots "Ciamug" {+Blink rF++ rCorr
                  | Dex-5}
  1521 | D:2      | Reached XP level 4. HP: 35/35 MP: 4/4
  2117 | D:3      | Slain by an orc

Illustrated notes

Levels and vault maps discovered:
D:1:      dpeg_arrival_snail, layout_loops_ring
D:2:      layout_basic, basic_altar, chequers_serial_rivers_small_3,
          grunt_decor_mini_mirrors, kennysheep_nondescript
D:3:      layout_basic, minmay_overflow_temple_star_quad,
          chequers_hall_statues_wall_a, uniq_jessica

Skill      XL: |  1  2 |
---------------+-------+-----
Polearms       | 3 |  3.7
Dodging        | 3 |  3.3
Fighting       | |  3.6
Stealth        | |  0.1

Action                     |  1- 3 |  4- 6 || total
---------------------------+-------+-------++-------
  Melee: Spear             |   138 |    35 ||   173
    Use: Potion            |       |     1 ||     1
   Stab: Sleeping          |     1 |       ||     1
 Armour: Robe              |    37 |    15 ||    52
  Dodge: Dodged            |    49 |    23 ||    72

Table legend: (Time is in decaauts)
 A = Elapsed time spent in this place.
 B = Non-inter-level travel time spent in this place.
 C = Inter-level travel time spent in this place.
 D = Time resting spent in this place.
 E = Time spent auto-exploring this place.
 F = Levels seen in this place.
 G = Mean time per level.
                   A        B        C        D        E       F      G
               +--------+--------+--------+--------+--------+-----+--------+
         Total |   2106 |   2078 |     28 |      0 |   1750 |   3 |  702.0 |
       Dungeon |   2106 |   2078 |     28 |      0 |   1750 |   3 |  702.0 |
               +--------+--------+--------+--------+--------+-----+--------+

Top non-repeatable levels by time:
     D:2: 1189 daAuts
     D:1: 815 daAuts
     D:3: 100 daAuts
